 Dungeon Crawl Stone Soup version 0.18.1-50-g88ac8fd (webtiles) character file.

74 Faca the Skirmisher (level 4, 38/39 HPs)
             Began as a Centaur Fighter on Nov 13, 2016.
             Quit the game on level 2 of the Dungeon on Dec 8, 2016.
             The game lasted 00:13:31 (2301 turns).

Faca the Skirmisher (Centaur Fighter)               Turns: 2301, Time: 00:13:32

Health: 38/39      AC:  7    Str: 16 (19) XL:     4   Next: 9%
Magic:  4/4        EV:  2    Int:  6 (7)  God:
Gold:   88         SH:  9    Dex:  8 (9)  Spells: 0 memorised, 3 levels left

rFire  . . .     SeeInvis .     a - +0 long sword
rCold  . . .     Gourm    .     g - +0 chain mail
rNeg   . . .     Faith    .     c - +1 shield
rPois  .         Spirit   .     (no helmet)
rElec  .         Dismiss  .     (no cloak)
rCorr  .         Reflect  .     (no gloves)
SustAt .         Harm     .     (no barding)
MR     .....                    (no amulet)
Stlth  ..........               (no ring)
                                (no ring)

@: very quick, not resistant to hostile enchantments, extremely unstealthy
A: hooves 3, deformed body, speed 2, tough skin 3, evolution 1
a: no special abilities


You were on level 2 of the Dungeon.
You were not hungry.

You visited 1 branch of the dungeon, and saw 2 of its levels.

You collected 88 gold pieces.

Inventory:

Hand Weapons
 a - a +0 long sword (weapon)
Missiles
 b - 7 javelins of returning
 l - a javelin (quivered)
Armour
 c - a +1 shield (worn)
 g - a +0 chain mail (worn)
Scrolls
 m - a scroll of enchant armour
 o - a scroll of remove curse
Potions
 d - a potion of might
 h - a potion of agility
 i - a potion of cancellation
Comestibles
 f - a bread ration


   Skills:
 + Level 3.6 Fighting
 + Level 2.4 Long Blades
 + Level 2.6 Armour
 + Level 2.5 Shields


You had 3 spell levels left.
You didn't know any spells.

Dungeon Overview and Level Annotations

Branches:
Dungeon (2/15)

Altars:
The Shining One


Innate Abilities, Weirdness & Mutations

You have hooves in place of feet.
Armour fits poorly on your strangely shaped body.
You cover ground very quickly.
You have extremely tough skin (AC +3).
You evolve.


Message History

No target in view!
No target in view!
No target in view!
No target in view!
No target in view!
No target in view!
No target in view!
No target in view!
No target in view!
No target in view!
No target in view!
No target in view!
There is an open door here.
There is an open door here.
Done exploring.
Done exploring.
Saving game... please wait.
Welcome back, Faca the Centaur Fighter.
Press ? for a list of commands and other information.
Are you sure you want to abandon this character and quit the game? (Confirm with "yes".)

##############...................
# ###'#########....... # #.....#
######## # #.....# # #.....# #
#.....# # ########'### #
#####........# # #.....######@# #
#.###.# #.# ######### # #.# #.#
#.# #........ #.# #.# #.#
######### #.# #.# #.# #.# ### #.#
#.# #.# #.# ### #.#


There were no monsters in sight!

Vanquished Creatures
  Terence (D:2)
  An ooze (D:1)
  A worm (D:2)
  A dart slug (D:1)
  A giant gecko (D:2)
  7 bats
  2 giant cockroaches (D:2)
  7 goblins
  2 hobgoblins
  A jackal (D:1)
  5 kobolds
  A ball python (D:1)
  2 giant newts (D:1)
  5 rats
37 creatures vanquished.

Notes
Turn   | Place    | Note
--------------------------------------------------------------
     0 | D:1      | Faca the Centaur Fighter began the quest for the Orb.
     0 | D:1      | Reached XP level 1. HP: 19/19 MP: 1/1
   216 | D:1      | Reached XP level 2. HP: 12/26 MP: 2/2
   682 | D:1      | Found a glowing golden altar of the Shining One.
   789 | D:1      | Reached XP level 3. HP: 23/31 MP: 3/3
  1200 | D:2      | Noticed Terence
  1225 | D:2      | Killed Terence
  1899 | D:2      | Reached XP level 4. HP: 39/39 MP: 4/4
  1942 | D:2      | Gained mutation: You evolve. [potion of beneficial mutation]
  2301 | D:2      | Quit the game

Skill      XL: |  1  2 |
---------------+-------+-----
Long Blades    | 2 |  2.4
Fighting       | |  3.6
Armour         | |  2.6
Shields        | |  2.5

Action                   |  1- 3 |  4- 6 || total
-------------------------+-------+-------++-------
Melee: Long sword        |    99 |    37 ||   136
       Kick              |    16 |    11 ||    27
Throw: Javelin           |    13 |       ||    13
  Use: Scroll            |     6 |     1 ||     7
       Potion            |     1 |     5 ||     6
  Eat: Bread ration      |     1 |       ||     1
Armor: Chain mail        |    87 |    23 ||   110
       Scale mail        |    13 |       ||    13
Dodge: Dodged            |    14 |     5 ||    19
Block: Shield            |    67 |    19 ||    86
